 Dungeon Crawl Stone Soup version 0.25-a0-591-g2ad0d861f1 (webtiles) character file.

Game seed: 16171450289544154138, levelgen mode: deterministic

227 L3W1S007 the Covered (level 5, -1/47 HPs)
             Began as a Minotaur Fighter on Feb 24, 2020.
             Killed from afar by an orc wizard (5 damage)
             ... with a puff of flame
             ... on level 3 of the Dungeon on Mar 15, 2020.
             The game lasted 00:04:48 (1241 turns).

L3W1S007 the Covered (Minotaur Fighter)             Turns: 1241, Time: 00:04:48

Health: -1/47      AC:  7    Str: 22    XL:     5   Next: 70%
Magic:  0/4        EV:  8    Int:  5    God:
Gold:   71         SH:  0    Dex:  9    Spells: 4/4 levels left

rFire    . . .     SeeInvis .   a - +0 war axe
rCold    . . .     Gourm    .   c - +0 kite shield
rNeg     . . .     Faith    .   m - +0 scale mail
rPois    .         Spirit   +   (helmet restricted)
rElec    .         Reflect  .   (no cloak)
rCorr    .         Harm     .   (no gloves)
MR       .....                  (no boots)
Stlth    ..........             l - amulet of guardian spirit
HPRegen  0.15/turn              (no ring)
MPRegen  0.09/turn              (no ring)

@: confused
A: retaliatory headbutt, horns 2
a: no special abilities


You were on level 3 of the Dungeon.
You were not hungry.

You visited 1 branch of the dungeon, and saw 3 of its levels.

You collected 71 gold pieces.

Inventory:

Hand Weapons
 a - a +0 war axe (weapon)
 b - a +0 hunting sling
Missiles
 o - 33 stones (quivered)
Armour
 c - a +0 kite shield (worn)
 m - a +0 scale mail (worn)
Jewellery
 l - an amulet of guardian spirit (around neck)
 n - an uncursed ring of protection from magic {unknown}
Scrolls
 e - 2 scrolls of remove curse {unknown}
 h - a scroll of blinking {unknown}
 i - a scroll of identify {unknown}
 j - a scroll of teleportation {unknown}
 k - a scroll of immolation {unknown}
Potions
 d - a potion of might
Comestibles
 f - 2 rations
 g - 4 chunks of flesh


   Skills:
 + Level 4.4 Fighting
 + Level 4.3 Axes
 + Level 0.3 Slings
 + Level 5.2 Armour
 + Level 0.6 Dodging
 + Level 0.1 Stealth
 + Level 4.8 Shields


You had 4 spell levels left.
You didn't know any spells.
Your spell library was empty.

Dungeon Overview and Level Annotations

Branches:
Dungeon (3/15)

Altars:
Fedhas
Gozag
Kikubaaqudgha
Qazlal
Sif Muna
Trog


Innate Abilities, Weirdness & Mutations

You reflexively headbutt those who attack you in melee.
You have a pair of horns on your head.


Message History

You hear some strange, mumbled words.
You are more confused.
The goblin hits you with a cursed +0 club.
* * * LOW HITPOINT WARNING * * *
The orc barely misses you.
You barely miss the goblin. Your headbutt misses the goblin.
You closely miss something. Something hits you but does no damage.
The goblin hits you but does no damage. The orc hits you but does no damage.
Something hits you but does no damage. The goblin hits you but does no damage.
An adder comes into view.
Something completely misses you.
The orc hits you from afar with a +0 trident!
* * * LOW HITPOINT WARNING * * *
Things that are here:
a +0 club; an orc corpse You're too confused to move!
The goblin closely misses you.
You hear some strange, mumbled words.
A puff of flame appears from out of thin air!
The puff of flame hits you.
You die...

#.. #.
....####. #.
........
#.##.#....
#..#.#..# #.
.....# #.
#....###.
#.##@{......
#.<.)g..####
######o## .#
#


You could see an orc and a goblin.

Vanquished Creatures
  An orc priest (D:3)
  Jessica (D:2)
  Natasha (thrice) (D:2)
  Robin (D:2)
  4 adders (D:2)
  3 worms (D:2)
  A leopard gecko (D:2)
  2 orcs (D:3)
  3 bats
  A giant cockroach (D:1)
  11 goblins
  5 hobgoblins (D:2)
  2 ball pythons
  2 frilled lizards (D:1)
  7 rats (D:2)
47 creatures vanquished.

Notes
Turn   | Place    | Note
-------+----------+-------------------------------------------
     0 | D:1      | L3W1S007 the Minotaur Fighter began the quest for the Orb.
     0 | D:1      | Reached XP level 1. HP: 19/19 MP: 0/0
   177 | D:1      | You fall into a shaft and drop 1 floor!
   181 | D:2      | Reached skill level 4 in Armour
   181 | D:2      | Reached XP level 2. HP: 27/27 MP: 1/1
   183 | D:2      | Noticed Jessica
   194 | D:2      | Killed Jessica
   194 | D:2      | Reached XP level 3. HP: 27/33 MP: 2/2
   218 | D:2      | Found a blossoming altar of Fedhas.
   337 | D:2      | Noticed Robin
   353 | D:2      | Upgraded the game from 0.25-a0-558-g78a2afb0af to
                  | 0.25-a0-591-g2ad0d861f1
   361 | D:2      | Reached XP level 4. HP: 28/40 MP: 3/3
   363 | D:2      | Killed Robin
   500 | D:2      | Found an ancient bone altar of Kikubaaqudgha.
   500 | D:2      | Found a shimmering blue altar of Sif Muna.
   659 | D:2      | Found a bloodstained altar of Trog.
   690 | D:2      | Found a stormy altar of Qazlal.
   790 | D:2      | Noticed Natasha
   799 | D:2      | Killed Natasha
   802 | D:2      | Reached XP level 5. HP: 17/46 MP: 1/4
   930 | D:2      | Noticed Natasha
   940 | D:2      | Killed Natasha
  1019 | D:2      | Found an opulent altar of Gozag.
  1062 | D:2      | Noticed Natasha
  1069 | D:2      | Killed Natasha
  1069 | D:2      | Reached skill level 5 in Armour
  1241 | D:3      | Killed from afar by an orc wizard

Levels and vault maps discovered:
D:1:      dpeg_arrival_three_smaller_balls, layout_basic
D:2:      layout_rooms, marbit_many_paths, lemuel_doored_altar,
          lemuel_coloured_pillars_altar, nicolae_overflow_crystal_walls,
          gammafunk_temple_overflow_elements, fountainhead, uniq_jessica,
          uniq_natasha, uniq_robin
D:3:      layout_loops_ring, nemelex_xobeh_ov_fountains_minmay,
          uniq_crazy_yiuf_cottage

Skill      XL: |  1  2  3  4  5 |
---------------+----------------+-----
Armour         | 4 5 |  5.2
Shields        | 4 |  4.8
Fighting       | 4 |  4.4
Axes           | 3 4 |  4.3
Slings         | |  0.3
Dodging        | |  0.6
Stealth        | |  0.1

Action                   |  1- 3 |  4- 6 || total
-------------------------+-------+-------++-------
Melee: War axe           |    46 |    52 ||    98
       Headbutt          |     5 |     5 ||    10
 Fire: Hunting sling     |       |     4 ||     4
  Eat: Chunk             |       |     1 ||     1
Armor: Scale mail        |    30 |    31 ||    61
Dodge: Dodged            |     9 |    24 ||    33
Block: Kite shield       |    31 |    36 ||    67

Table legend:
 A = Non-vault XP
 B = Vault XP
 C = Vault XP percentage of total XP
 D = Non-vault monster count
 E = Vault monster count
 F = Vault count percentage of total count
                 A         B        C        D         E       F
            +---------+---------+-------+---------+---------+-------
      Total |     200 |     125 |  38.5 |      31 |      16 |  34.0
            +---------+---------+-------+---------+---------+-------
        D:1 |       8 |       0 |   0.0 |       5 |       0 |   0.0
        D:2 |     142 |     125 |  46.8 |      22 |      16 |  42.1
        D:3 |      50 |       0 |   0.0 |       4 |       0 |   0.0
            +---------+---------+-------+---------+---------+-------
